 Dungeon Crawl Stone Soup version 0.29.1-1-gd02db6906a (webtiles) character file.

Game seed: 11969093582300184870

710676 seehj the Evangelist (level 27, -17/180 (243) HPs)
             Began as a Hill Orc Fighter on Oct 19, 2022.
             Was an Elder of Beogh.
             Killed from afar by a shard shrike (27 damage)
             ... with a shard of ice
             ... on level 5 of Cocytus on Oct 22, 2022.
             The game lasted 17:16:39 (148519 turns).

seehj the Evangelist (Hill Orc Fighter)           Turns: 148519, Time: 17:16:39

HP:   -17/180 (243) AC: 46    Str: 34 (35) XL:     27
MP:   45/45         EV:  9    Int: 11 (12) God:    Beogh [****..]
Gold: 3580          SH: 25    Dex: 16      Spells: 27/32 levels left

rFire   + . .      SeeInvis +   E - +5 broad axe "Killer Klown's Bane" {vorpal, rC+ Will+ Str+3 SInv}
rCold   + + +      Faith    +   j - +2 tower shield
rNeg    + + .      Spirit   .   w - +10 gold dragon scales
rPois   +          Reflect  .   R - +2 helmet of Philately {Str+7 Int-2}
rElec   +          Harm     .   P - +2 cloak
rCorr   .          Rampage  .   Q - +0 pair of gloves {hurl}
Will    +++++                   S - +2 pair of boots
Stlth   ..........              u - amulet of Pamarixtu {Faith rPois Regen+}
HPRegen 1.20/turn               g - ring of Doors {rElec rN++ Will+ MP+9 Stlth-}
MPRegen 0.29/turn               i - ring of Oreufoz {rC+ Int+4 Dex+6}

@: studying 2 skills, very heavily drained, unable to drink, very slow
A: iridescent scales 1, deformed body, dopey 1, low MP 1, strong-willed 1,
MP-powered wands, [deterioration 1], [frail 1], weak 1[+1]
}: 6/15 runes: decaying, serpentine, slimy, silver, bone, abyssal
a: Renounce Religion, Smiting, Recall Orcish Followers


You were on level 5 of Cocytus.
You worshipped Beogh.
Beogh was greatly pleased with you.
You visited 15 branches of the dungeon, and saw 69 of its levels.
You visited the Abyss 6 times.
You also visited: Trove.

You collected 10552 gold pieces.
You spent 6972 gold pieces at shops.

Inventory:

Hand Weapons
 C - the +7 sling of Iptewner {flame, rCorr Str+3 Int-4}
   (You found it on level 5 of the Vaults)

   Any ammunition fired from it burns those it strikes, dealing additional fire
   damage.
   Str:       It affects your strength (+3).
   Int:       It affects your intelligence (-4).
   rCorr:     It protects you from acid and corrosion.
 E - the +5 broad axe "Killer Klown's Bane" (weapon) {vorpal, rC+ Will+ Str+3 SInv}
   (You acquired it on level 1 of the Snake Pit)

   It inflicts extra damage upon your enemies.
   Str:       It affects your strength (+3).
   rC:        It protects you from cold.
   SInv:      It lets you see invisible.
   Will:      It increases your willpower.
 H - the +8 mithril axe "Arga" {speed, Will+}
   (You acquired it on level 1 of the Snake Pit)

   Attacks with this weapon are significantly faster.
   Will:      It increases your willpower.
Armour
 j - a +2 tower shield (worn)
 w - +10 gold dragon scales (worn)
 P - a +2 cloak (worn)
 Q - a +0 pair of gloves of hurling (worn)
 R - the +2 helmet of Philately (worn) {Str+7 Int-2}
   (You took it off Robin on level 2 of the Dungeon)

   Str:       It affects your strength (+7).
   Int:       It affects your intelligence (-2).
 S - a +2 pair of boots (worn)
Jewellery
 g - the ring of Doors (left hand) {rElec rN++ Will+ MP+9 Stlth-}
   (You found it in a treasure trove)

   [ring of willpower]

   rElec:     It insulates you from electricity.
   rN:        It greatly protects you from negative energy.
   MP:        It affects your magic capacity (+9).
   Will:      It increases your willpower.
   Stlth:     It makes you less stealthy.
 i - the ring of Oreufoz (right hand) {rC+ Int+4 Dex+6}
   (You found it on level 3 of the Crypt)

   [ring of dexterity]

   Int:       It affects your intelligence (+4).
   Dex:       It affects your dexterity (+6).
   rC:        It protects you from cold.
 u - the amulet of Pamarixtu (around neck) {Faith rPois Regen+}
   (You found it on level 5 of the Pits of Slime)

   [amulet of faith]

   It allows you to gain divine favour quickly.
   rPois:     It protects you from poison.
   Regen:     It increases your rate of health regeneration.
 N - the ring of the Eagle {rN++ rCorr Str+8}
   (You found it in a treasure trove)

   [ring of resist corrosion]

   Str:       It affects your strength (+8).
   rN:        It greatly protects you from negative energy.
   rCorr:     It protects you from acid and corrosion.
 U - a ring of protection from fire
Wands
 e - a wand of light (12)
 k - a wand of flame (41) (quivered)
 y - a wand of polymorph (37)
 K - a wand of mindburst (6)
 M - a wand of iceblast (13)
 O - a wand of paralysis (31)
 X - a wand of digging (8)
Scrolls
 b - 25 scrolls of teleportation
 f - 8 scrolls of fog
 h - 6 scrolls of fear
 m - 8 scrolls of silence
 o - 10 scrolls of poison
 p - 8 scrolls of magic mapping
 t - 5 scrolls of summoning
 v - 4 scrolls of blinking
Potions
 a - 7 potions of berserk rage
 d - 7 potions of brilliance
 q - 4 potions of haste
 A - 11 potions of lignification
 B - 4 potions of invisibility
 D - 5 potions of ambrosia
 F - 28 potions of curing
 G - 6 potions of mutation
 I - 3 potions of resistance
 J - 2 potions of heal wounds
 L - 4 potions of cancellation
 T - 5 potions of magic
 Y - 4 potions of might
Miscellaneous
 c - the horn of Geryon (inert)
 n - a condenser vane
 r - a lightning rod (4/4)
 s - a phantom mirror
 V - a phial of floods
 Z - a box of beasts (inert)


   Skills:
 * Level 26.9 Fighting
 - Level 22.4 Axes
 - Level 1.0(12.6) Maces & Flails
 + Level 25.7 Armour
 - Level 4.0 Dodging
 + Level 23.1 Shields
 - Level 3.0 Spellcasting
 + Level 4.3 Translocations
 - Level 8.0 Transmutations
 + Level 2.5 Earth Magic
 O Level 27 Invocations
 - Level 18.0 Evocations


You had 27 spell levels left.
You knew the following spells:

 Your Spells              Type           Power      Damage    Failure   Level
a - Teleport Other        Tloc           11%        N/A       69%         3
b - Wereblood             Tmut           19%        N/A       11%         2

Your spell library contained the following spells:

 Spells                   Type           Power      Damage    Failure   Level
 Passwall                 Tmut/Erth      10%        N/A       32%         2
 Blink                    Tloc           22%        N/A       45%         2
 Sandblast                Erth           14%        2d6       56%         1
 Gell's Gravitas          Tloc           11%        N/A       69%         3
 Lesser Beckoning         Tloc           11%        N/A       69%         3
 Foxfire                  Conj/Fire      4%         2x1d4     88%         1
 Necrotise                Necr           4%         1d4       88%         1
 Shock                    Conj/Air       4%         1d3       88%         1
 Summon Small Mammal      Summ           4%         N/A       88%         1
 Ignite Poison            Fire/Tmut/Pois 7%         N/A       89%         3
 Blade Hands              Tmut           9%         N/A       89%         5
 Petrify                  Tmut/Erth      13%        N/A       91%         4
 Portal Projectile        Hex/Tloc       12%        N/A       94%         3
 Ensorcelled Hibernation  Hex/Ice        2%         N/A       96%         2
 Static Discharge         Conj/Air       1%         3-4/arc   96%         2
 Sublimation of Blood     Necr           1%         N/A       96%         2
 Passage of Golubria      Tloc           11%        N/A       97%         4
 Stone Arrow              Conj/Erth      8%         3d7       98%         3
 Call Canine Familiar     Summ           1%         N/A       99%         3
 Confusing Touch          Hex            1%         N/A       99%         3
 Conjure Flame            Conj/Fire      1%         6-21      99%         3
 Dazzling Flash           Conj/Hex       2%         N/A       99%         3
 Frozen Ramparts          Ice            2%         1d1       99%         3
 Inner Flame              Hex/Fire       1%         N/A       99%         3
 Ozocubu's Armour         Ice            1%         N/A       99%         3
 Summon Guardian Golem    Hex/Summ       1%         N/A       99%         3
 Swiftness                Air            1%         N/A       99%         3
 Tukima's Dance           Hex            1%         N/A       99%         3
 Vampiric Draining        Necr           1%         2d6       99%         3
 Airstrike                Air            0%         2d(1-17)  100%        4
 Anguish                  Hex/Necr       0%         N/A       100%        4
 Animate Armour           Summ/Erth      8%         N/A       100%        4
 Corpse Rot               Necr/Pois/Air  1%         N/A       100%        4
 Dispel Undead            Necr           1%         3d6       100%        4
 Flame Wave               Conj/Fire      1%         2d4       100%        4
 Iskenderun's Mystic Bla  Conj/Tloc      6%         2d4       100%        4
 Leda's Liquefaction      Hex/Erth       2%         N/A       100%        4
 Olgreb's Toxic Radiance  Pois           1%         N/A       100%        4
 Sticky Flame             Conj/Fire      1%         2d3       100%        4
 Summon Ice Beast         Ice/Summ       1%         N/A       100%        4
 Summon Lightning Spire   Summ/Air       1%         N/A       100%        4
 Agony                    Necr           1%         N/A       100%        5
 Borgnjor's Vile Clutch   Necr/Erth      2%         N/A       100%        5
 Fireball                 Conj/Fire      0%         3d3       100%        5
 Freezing Cloud           Conj/Ice/Air   0%         6-21      100%        5
 Irradiate                Conj/Tmut      5%         3d13      100%        5
 Iskenderun's Battlesphe  Conj           1%         2d6       100%        5
 Lee's Rapid Deconstruct  Erth           3%         3d6*      100%        5
 Lightning Bolt           Conj/Air       0%         1d11      100%        5
 Manifold Assault         Tloc           11%        N/A       100%        5
 Metabolic Englaciation   Hex/Ice        0%         N/A       100%        5
 Silence                  Hex/Air        0%         N/A       100%        5
 Summon Forest            Summ/Tloc      3%         N/A       100%        5
 Summon Mana Viper        Hex/Summ       1%         N/A       100%        5
 Yara's Violent Unravell  Hex/Tmut       5%         3d4       100%        5
 Conjure Ball Lightning   Conj/Air       0%         3x3d6     100%        6
 Death Channel            Necr           0%         N/A       100%        6
 Dispersal                Tloc           5%         N/A       100%        6
 Simulacrum               Ice/Necr       0%         N/A       100%        6
 Starburst                Conj/Fire      0%         6d3       100%        6
 Statue Form              Tmut/Erth      8%         N/A       100%        6
 Summon Cactus Giant      Summ           0%         N/A       100%        6
 Enfeeble                 Hex            0%         N/A       100%        7
 Haunt                    Necr/Summ      0%         N/A       100%        7
 Malign Gateway           Summ/Tloc      3%         N/A       100%        7
 Monstrous Menagerie      Summ           0%         N/A       100%        7
 Orb of Destruction       Conj           0%         9d5       100%        7
 Ozocubu's Refrigeration  Ice            0%         4d7       100%        7
 Spellforged Servitor     Conj/Summ      0%         N/A       100%        7
 Storm Form               Tmut/Air       5%         N/A       100%        7
 Summon Hydra             Summ           0%         N/A       100%        7
 Discord                  Hex            0%         N/A       100%        8
 Disjunction              Tloc           5%         N/A       100%        8
 Ignition                 Fire           0%         3d3       100%        8
 Lehudib's Crystal Spear  Conj/Erth      2%         10d2      100%        8
 Maxwell's Capacitive Co  Air            0%         ∞         100%        8
 Summon Horrible Things   Summ           0%         N/A       100%        8
 Polar Vortex             Ice            0%         N/A       100%        9


Dungeon Overview and Level Annotations

Branches:
Dungeon (15/15)            Temple (0/1) D:5            Lair (5/5) D:8
  Swamp (4/4) Lair:3        Snake (4/4) Lair:2        Slime (5/5) Lair:5
    Orc (2/2) D:11            Elf (3/3) Orc:2        Vaults (5/5) D:13
  Crypt (3/3) Vaults:3       Tomb (1/3) Crypt:3      Depths (4/4) D:15
   Hell (visited)             Dis (0/7) Hell            Geh (0/7) Hell
    Coc (5/7) Hell            Tar (7/7) Hell            Zot (5/5) Depths:4

Altars:
Dithmenos
Fedhas
Gozag
Kikubaaqudgha
Sif Muna
Vehumet
Wu Jian
Xom
Yredelemnul
Zin
Beogh

Shops:
D:3 (   D:6 =   D:7 (   Orc:2 [*?*   Elf:1 :[(=   Elf:2 [(?[:   Snake:2 =:=
Snake:4 ?:[!   Vaults:2 ?   Vaults:3 :   Depths:2 *

Portals:
Hell: Depths:2 Depths:3 Depths:4
Abyss: Depths:3
Pandemonium: Depths:2
Ziggurat: Depths:1

Annotations:
D:2 1 runed translucent door, Crazy Yiuf
D:14 3 runed translucent doors, LabCoat's ghost, journeyman HOFi
Swamp:4 exclusion: 3 oklob plants


Innate Abilities, Weirdness & Mutations

You are partially covered in iridescent scales. (AC +2)
Armour fits poorly on your strangely shaped body.
You are dopey. (Int -2)
Your magical capacity is low. (-10% MP)
You are strong-willed. (Will+)
You expend magic power (3 MP) to strengthen your wands.
[Your body sometimes deteriorates upon taking damage.]
[You are frail. (-10% HP)]
[You are very weak. (Str -4)]


Message History

You hit the water elemental. You slash the water elemental!
* * * LOW HITPOINT WARNING * * *
Your lungs strain for air!
The shard shrike spits a shard of ice at you.
The shard of ice hits your orc wizard!!
Your orc wizard dies!
The shard shrike claws you but does no damage.
The shard shrike completely misses your orc warrior.
You block the water elemental's attack.
Your orc warrior closely misses the shard shrike.
You block the water elemental's attack. You block the shard shrike's attack.
You produce a hideous howling noise!
* * * LOW HITPOINT WARNING * * *
Your lungs strain for air!
The shard shrike screeches!
The shard shrike spits a shard of ice at you.
The shard of ice misses you.
The shard of ice misses your hell beast.
The shard shrike spits a shard of ice at you.
The shard of ice hits your hell beast!! The shard shrike barely misses you.
The shard shrike claws you.
* * * LOW HITPOINT WARNING * * *
The shard shrike freezes you. You resist.
* * * LOW HITPOINT WARNING * * *
A torrent of water rises up through the elemental wellspring!
The torrent of water passes through the water elemental.
You block the torrent of water.
The wave splashes down.
The water elemental hits you. x2
Your orc warrior misses the shard shrike.
Your orc warrior hits the water elemental with a +0 battleaxe.
You block the water elemental's attack.
You swap places.
You slip free of the water engulfing you.
You gasp with relief as air once again reaches your lungs.
The shard shrike claws you but does no damage.
The shard shrike claws your hell beast.
The shard shrike freezes your hell beast!!
The shard shrike spits a shard of ice at you.
The shard of ice hits you!! You partially resist.
You die...

≈≈# ≈≈####
##≈≈≈≈≈##
##≈≈≈≈≈≈≈≈ ##
##≈≈≈≈≈≈≈≈≈
≈≈≈###≈≈b≈≈≈≈≈≈≈
≈≈≈≈≈≈≈≈≈≈≈≈≈≈≈≈
≈≈≈≈≈≈≈≈2E≈≈≈≈≈≈
≈≈≈≈≈≈2@EEb≈≈≈≈≈
≈≈≈≈≈≈≈o22E~≈≈≈≈
≈≈≈≈≈≈≈b.≈≈≈≈≈≈≈
≈≈≈..>...≈≈≈≈≈≈≈
≈≈≈≈....≈≈≈≈≈≈≈≈
≈≈≈≈≈...≈≈≈≈≈≈≈≈
#≈≈≈≈...≈≈≈≈≈≈##
#≈≈≈≈≈..≈≈≈≈≈##


You could see 3 shard shrikes, an elemental wellspring, 3 water elementals, 4
friendly hell beasts and a friendly orc warrior (strong).

Vanquished Creatures
  the Royal Jelly (Slime:5)
  3 dread liches
  Mara (Snake:4)
  A royal mummy (Tomb:1)
  3 shard shrikes
  Vashnia (Snake:2)
  Saint Roka (Snake:3)
  Geryon (Hell)
  2 curse toes
  Nikola (Snake:2)
  15 profane servitors
  7 golden dragons
  6 doom hounds
  8 Tzitzimimeh
  10 bone dragons
  3 electric golems
  Jorgrun (Orc:2)
  Zenata (Vaults:2)
  15 tentacled monstrosities
  10 titans
  9 tainted leviathans
  9 liches
  5 quicksilver dragons
  4 deep elf master archers (Elf:3)
  4 deep elf blademasters (Elf:3)
  12 acid blobs
  2 Executioners
  15 tentacled starspawn
  9 storm dragons
  Agnes (Snake:2)
  7 shadow dragons
  4 death cobs
  6 tengu reavers
  7 sphinxes
  Kirke (Snake:3)
  13 azure jellies
  3 nagarajas
  2 thorn hunters (Swamp:4)
  A fenstrider witch (Lair:3)
  6 draconian monks
  A revenant (Crypt:2)
  Roxanne (Swamp:4)
  6 narguns
  3 frost giants
  10 rockslimes
  An iron dragon (Vaults:4)
  3 fire giants
  A daeva (Abyss:4)
  6 draconian knights
  5 deep elf sorcerers
  6 draconian scorchers
  A cacodemon (Abyss:4)
  5 ghost moths
  A spectral juggernaut (Tar:1)
  7 ghouls
  3 balrugs
  9 vault wardens
  12 ironbound preservers
  2 spectral caustic shrikes
  3 shard shrike simulacra
  5 draconian shifters
  16 very ugly things
  3 deep elf elementalists
  A hydra zombie (Swamp:4)
  5 reapers
  9 draconian stormcallers
  4 draconian annihilators
  9 quicksilver oozes
  4 vampire knights
  5 stone giants
  3 war gargoyles
  6 green draconians
  4 ironbound thunderhulks
  10 elemental wellsprings
  7 black draconians
  10 putrid mouths
  A deep elf demonologist (Elf:3)
  An eleionoma (Lair:3)
  Nessos (Lair:5)
  9 red draconians
  9 yellow draconians
  4 lorocyprocas
  11 white draconians
  4 deep elf annihilators (Elf:3)
  2 spark wasps
  2 bunyips (Swamp:2)
  2 entropy weavers (Abyss:4)
  7 dire elephants
  10 purple draconians
  8 wendigos
  A spectral titan (Tar:1)
  3 green deaths
  4 deep elf death magi
  A mummy priest (Tomb:1)
  4 eidola
  An ettin (Vaults:4)
  5 great orbs of eyes
  Josephine (Lair:3)
  A spectral iron giant (Tar:2)
  4 fire dragons
  2 shambling mangroves (Swamp:4)
  A quicksilver dragon skeleton (Crypt:3)
  A deep elf high priest (Vaults:5)
  A spectral kraken (Tar:7)
  7 jiangshi
  15 yaktaur captains
  2 spectral spriggans
  2 salamander tyrants
  6 hydras
  A rakshasa (Depths:2)
  10 vault guards
  3 caustic shrike simulacra
  A ghost crab (Swamp:3)
  A peacekeeper (Vaults:4)
  4 ogre magi
  2 hell beasts (Hell)
  6 anacondas
  4 boulder beetles
  A spriggan air mage (Depths:4)
  An ice dragon (Depths:1)
  8 juggernaut simulacra
  5 ironbound frosthearts
  4 centaur warriors
  A death yak (Lair:2)
  6 naga warriors
  6 deep troll shamans
  7 two-headed ogres
  8 alligators
  2 death knights
  7 deep troll earth magi
  5 vampire magi
  4 death scarabs (Tomb:1)
  A tengu warrior (Depths:2)
  A satyr (Abyss:4)
  14 hell hogs
  10 naga sharpshooters
  3 shock serpents
  22 thrashing horrors
  10 dancing weapons
  5 spriggan berserkers
  9 wretched stars
  9 spriggans
  4 hell knights
  12 sun demons
  4 sixfirhies
  6 iron trolls
  6 soul eaters
  A ghost moth zombie (Crypt:1)
  22 deep elf knights
  A salamander mystic (Snake:1)
  An anaconda zombie (Hell)
  2 shadow wraiths
  2 spectral bunyips (Tar:1)
  42 deep trolls
  7 sea snakes
  12 skeletal warriors
  8 spriggan druids
  A spectral anaconda (Tar:4)
  2 spatial maelstroms (Abyss:4)
  2 goliath frogs (Swamp:1)
  7 glowing orange brains
  4 spriggan simulacra
  A deep troll (shapeshifter) (Depths:2)
  4 bog bodies
  2 quicksilver dragon simulacra
  3 deep elf archers
  3 spectral hydras (Swamp:4)
  14 lindwurms
  12 flayed ghosts
  8 wizards
  10 ironbound convokers
  8 swamp dragons
  2 naga ritualists
  5 harpies
  2 necromancers
  An anaconda skeleton (Hell)
  8 phantasmal warriors
  22 deep elf zephyrmancers
  An orc sorcerer (D:11)
  A wolf spider (shapeshifter) (Elf:1)
  5 shining eyes
  4 mana vipers
  22 deep elf pyromancers
  A manticore (shapeshifter) (Abyss:3)
  2 oklob plants (Lair:4)
  4 will-o-the-wisps
  2 spectral ettins
  17 moths of wrath
  A salamander (shapeshifter) (D:12)
  A centaur zombie (Crypt:1)
  2 spectral centaurs
  6 worldbinders
  23 ugly things
  6 salamanders
  2 spectral alligator snapping turtles (Tar:1)
  3 rust devils
  3 cyclopes
  2 apocalypse crabs (Abyss:4)
  An ice statue (Hell)
  6 guardian serpents
  9 vault sentinels
  2 elephants
  2 molten gargoyles (Hell)
  22 black mambas
  Maurice (D:13)
  9 smoke demons
  14 naga magi
  2 storm dragon simulacra (Coc:1)
  An eye of devastation (Slime:3)
  2 titan simulacra
  2 gargoyles
  2 torpor snails (Lair:5)
  Psyche (D:7)
  10 hellions
  4 spectral swamp worms (Tar:7)
  6 cane toads
  3 orange demons
  3 unseen horrors
  4 komodo dragons
  3 bunyip simulacra
  2 rime drakes
  2 anaconda simulacra
  14 tormentors
  A demonic crawler (Abyss:3)
  2 kobold demonologists
  8 freezing wraiths
  An ice devil (Abyss:4)
  21 yaktaurs
  A death drake zombie (Swamp:4)
  A guardian mummy (Tomb:1)
  2 sea snake zombies (Hell)
  A spriggan skeleton (Depths:1)
  A harpy zombie (Crypt:3)
  An iron giant simulacrum (Abyss:4)
  12 ancient zymes
  A silent spectre (Tar:6)
  8 spectral harpies
  3 polar bears (Lair:5)
  A sea snake skeleton (Hell)
  4 trolls
  2 golden dragon simulacra
  A bloated husk (Swamp:2)
  3 meliai (D:12)
  27 raiju
  3 red devils (Crypt:3)
  10 tyrant leeches
  Grinder (D:3)
  A tyrant leech (shapeshifter) (Vaults:4)
  15 hornets
  2 death drake skeletons (Swamp:4)
  4 dream sheep
  2 saltlings (Orc:1)
  17 blink frogs
  2 harpy skeletons (Crypt:3)
  2 spriggan zombies (Depths:1)
  A blink frog (shapeshifter) (Abyss:4)
  82 slime creatures
  A dream sheep (shapeshifter) (Vaults:4)
  2 iron dragon simulacra
  A centaur simulacrum (Coc:2)
  A spectral black mamba (Tar:1)
  A stone giant simulacrum (Coc:2)
  Sigmund (D:3)
  3 ynoxinuls (Abyss:4)
  2 air elementals (Elf:1)
  2 shadows
  9 flying skulls
  A spriggan (shapeshifter) (D:15)
  10 water elementals
  3 wyverns
  6 dire elephant simulacra
  22 yaks
  10 wraiths
  2 hogs (Snake:3)
  2 naga simulacra
  2 fire bats (Abyss:4)
  30 large abominations
  2 ushabtiu (Tomb:1)
  3 fire elementals
  An ettin skeleton (Depths:1)
  6 golden eyes
  2 basilisks
  5 neqoxecs
  2 alligator snapping turtle simulacra (Coc:1)
  A fire bat (shapeshifter) (Depths:1)
  2 chaos spawn
  6 vampire mosquitoes
  2 sea snake simulacra (Hell)
  8 wargs
  A swamp worm (shapeshifter) (Vaults:4)
  23 nagas
  A spatial vortex (Abyss:4)
  11 swamp worms
  6 harpy simulacra
  An acid dragon (D:12)
  A naga zombie (Crypt:1)
  6 water moccasins
  11 hell hounds
  3 hydra simulacra
  5 black bears (Lair:5)
  5 swamp drakes
  2 ice beasts (D:5)
  7 orc warriors
  3 swamp dragon zombies (Swamp:4)
  A manticore zombie (Crypt:1)
  A sky beast (D:7)
  2 ettin simulacra (Depths:2)
  7 ogres
  An ogre (shapeshifter) (Vaults:5)
  A swamp dragon skeleton (Swamp:4)
  7 wolves
  10 boggarts
  3 centaurs
  2 phantoms
  A kobold brigand (D:12)
  A bullfrog (D:8)
  A bullfrog (shapeshifter) (Depths:4)
  18 small abominations
  A komodo dragon skeleton (Crypt:1)
  2 necrophages
  4 gnoll sergeants
  An elf skeleton (Crypt:1)
  4 earth elementals
  2 scorpions
  14 wights
  3 killer bees (D:9)
  3 howler monkeys (D:8)
  An electric eel (Snake:1)
  A lava snake (D:15)
  53 starcursed masses
  5 hounds
  3 quasits
  2 gnoll boudas (D:9)
  3 jellies
  9 orc priests
  2 iguanas
  An iron imp (Abyss:2)
  13 orc wizards
  9 hell rats
  5 mummies
  Robin (D:2)
  5 adders
  23 gnolls
  A river rat (Lair:5)
  7 white imps
  7 ufetubi
  2 worms
  A dart slug (D:2)
  29 orcs
  7 ball pythons
  5 endoplasms
  4 giant cockroaches
  14 goblins
  9 hobgoblins
  8 jackals
  11 kobolds
  2 quokkas
  3 bats
  2 frilled lizards
  5 rats
  A river rat skeleton (Crypt:2)
  A lurking horror (Abyss:4)
  8 pillars of salt (Orc:2)
  A plant (Lair:5)
  14 starspawn tentacles
  2 tentacles (Tar:7)
  A withered plant (Crypt:3)
2050 creatures vanquished.

Vanquished Creatures (collateral kills)
  Ereshkigal (Tar:7)
  An ancient lich (Vaults:4)
  A juggernaut (Depths:3)
  2 royal mummies (Tomb:1)
  Xtahua (Crypt:1)
  Bai Suzhen (Crypt:3)
  A caustic shrike (Depths:2)
  2 golden dragons
  3 profane servitors
  A bone dragon (Depths:4)
  3 Tzitzimimeh
  6 doom hounds
  8 tentacled monstrosities
  8 tainted leviathans (Tar:7)
  2 liches (Crypt:3)
  A hellephant (Depths:4)
  Grunn (Depths:3)
  4 quicksilver dragons
  A deep elf blademaster (Elf:2)
  14 acid blobs
  4 titans (Vaults:4)
  A tentacled starspawn (Abyss:1)
  An Executioner (Abyss:3)
  4 ancient champions
  7 sphinxes
  5 shadow dragons
  5 tengu reavers
  7 azure jellies
  4 draconian monks
  7 storm dragons
  A thorn hunter (Swamp:4)
  A draconian knight (Zot:2)
  A nagaraja (Snake:4)
  2 revenants (Vaults:3)
  2 deep elf sorcerers
  3 frost giants
  5 fire giants
  2 draconian scorchers (Zot:2)
  4 rockslimes
  A cacodemon (Depths:4)
  Louise (Snake:1)
  2 balrugs (Depths:4)
  2 orc warlords
  7 vault wardens
  2 curse skulls
  2 draconian stormcallers
  5 draconian shifters
  3 deep elf elementalists
  10 quicksilver oozes
  A spriggan defender (Depths:3)
  2 ghouls (Crypt:1)
  11 ironbound preservers
  4 very ugly things
  7 reapers
  A juggernaut skeleton (Tomb:1)
  3 draconian annihilators
  5 war gargoyles
  6 green draconians
  5 stone giants
  A deep elf demonologist (Elf:3)
  4 ironbound thunderhulks
  2 vampire knights
  7 yellow draconians
  7 putrid mouths
  7 black draconians
  2 deep elf annihilators (Elf:3)
  11 purple draconians
  10 red draconians
  A spark wasp (Depths:1)
  7 dire elephants
  4 white draconians
  3 blizzard demons
  4 ettins
  2 mummy priests (Tomb:1)
  3 jiangshi
  A crystal guardian (Vaults:4)
  3 fire dragons
  2 eidola
  5 yaktaur captains
  4 deep elf death magi
  2 deep elf high priests (Elf:3)
  A spectral spriggan (Tar:1)
  5 great orbs of eyes
  2 ice dragons
  A rakshasa (Abyss:3)
  A shambling mangrove (Swamp:4)
  6 hydras
  29 vault guards
  2 spriggan skeletons
  2 boulder beetles
  A catoblepas (Lair:2)
  3 anacondas
  2 ironbound frosthearts (Vaults:1)
  A spriggan air mage (D:15)
  2 fenstrider witch skeletons
  12 centaur warriors
  A spectral stone giant (Tar:1)
  21 dancing weapons
  3 two-headed ogres
  An alligator (Lair:3)
  2 hell hogs
  A death scarab (Tomb:1)
  2 deep troll shamans (Depths:4)
  2 deep troll earth magi
  A death knight (Crypt:2)
  2 tengu warriors
  4 naga warriors
  2 orc high priests
  5 vampire magi
  2 death yaks (Lair:2)
  4 spriggan berserkers
  9 hell knights
  A spectral naga (Tar:1)
  4 soul eaters
  A shock serpent (Snake:2)
  A sun demon (Depths:3)
  A storm dragon zombie (Crypt:2)
  A wretched star (Abyss:1)
  A shadow wraith (Tar:1)
  2 bunyip zombies (Crypt:3)
  A sixfirhy (Depths:1)
  2 deep elf knights
  A titan skeleton (Vaults:4)
  4 iron trolls
  2 salamander mystics
  A sea snake (Snake:4)
  9 skeletal warriors
  A goliath frog (Vaults:4)
  A swamp dragon (Swamp:2)
  A spectral iron dragon (Tar:1)
  A deep troll (shapeshifter) (Vaults:4)
  A spectral hydra (Swamp:4)
  26 deep trolls
  3 wizards
  3 flayed ghosts
  2 naga ritualists
  A bog body (Crypt:2)
  4 deep elf archers
  16 deep elf pyromancers
  19 deep elf zephyrmancers
  A harpy (Vaults:3)
  9 lindwurms
  9 ironbound convokers
  12 phantasmal warriors
  3 necromancers
  20 ugly things
  3 mana vipers
  5 orc sorcerers
  A sphinx skeleton (Crypt:2)
  6 orc knights
  3 salamanders
  2 shining eyes (Slime:5)
  A manticore (D:15)
  A human skeleton (Vaults:4)
  8 moths of wrath
  A spectral alligator snapping turtle (Tar:1)
  4 elephants (Lair:1)
  A spectral centaur (Tar:1)
  2 cyclopes
  9 black mambas
  2 centaur zombies
  6 vault sentinels
  3 guardian serpents
  A black mamba (shapeshifter) (Vaults:4)
  6 naga magi
  A stone giant skeleton (Crypt:2)
  A titan simulacrum (Coc:5)
  2 dire elephant zombies
  A fire giant skeleton (Crypt:2)
  A rust devil (Depths:4)
  A yaktaur zombie (Vaults:4)
  2 naga zombies
  A molten gargoyle (Hell)
  2 eyes of devastation
  2 orange demons
  2 cane toads
  5 smoke demons
  3 spectral swamp worms (Tar:7)
  3 gargoyles (Crypt:2)
  A torpor snail (Lair:5)
  13 yaktaurs
  An efreet (D:14)
  3 rime drakes (Lair:5)
  A kobold demonologist (D:12)
  5 freezing wraiths
  3 komodo dragons
  3 ice devils
  3 tormentors
  4 guardian mummies (Tomb:1)
  An ancient zyme (Abyss:1)
  A harpy zombie (Crypt:3)
  2 red devils (Crypt:3)
  7 polar bears
  A troll (Orc:1)
  A harpy skeleton (Crypt:1)
  A tyrant leech (Swamp:1)
  4 hornets
  A tarantella (shapeshifter) (D:15)
  49 slime creatures
  A saltling (Orc:1)
  6 blink frogs
  5 raiju
  A tarantella zombie (Crypt:2)
  A death drake skeleton (Swamp:4)
  6 dream sheep
  A flying skull (Crypt:1)
  A shadow (Crypt:3)
  A dream sheep (shapeshifter) (Elf:1)
  An air elemental (Elf:3)
  A ynoxinul (Abyss:1)
  19 yaks
  4 spriggans
  2 wyverns
  3 vampires (Crypt:3)
  7 water elementals
  6 wraiths
  An ushabti (Tomb:1)
  2 basilisks
  A fire elemental (Elf:2)
  A fire bat (Abyss:1)
  A golden eye (Slime:1)
  A steam dragon (shapeshifter) (Elf:1)
  A large abomination (Abyss:1)
  4 vampire mosquitoes
  5 wargs
  22 nagas
  A glowing shapeshifter zombie (Vaults:4)
  2 swamp worms (Swamp:1)
  A harpy simulacrum (Coc:3)
  7 hell hounds (Lair:5)
  An acid dragon (D:8)
  A warg (shapeshifter) (Vaults:4)
  7 water moccasins
  A deep troll skeleton (Crypt:1)
  An alligator simulacrum (Hell)
  25 orc warriors
  An ettin simulacrum (Depths:2)
  6 black bears (Lair:5)
  4 boggarts
  11 wolves
  3 ogres
  3 bullfrogs (Lair:1)
  2 kobold brigands
  A gnoll sergeant (D:9)
  3 earth elementals
  2 necrophages
  3 wights
  A warg zombie (Crypt:1)
  2 small abominations
  A troll zombie (Crypt:1)
  A starcursed mass (Abyss:1)
  A quasit (Abyss:1)
  A jelly (Abyss:1)
  6 orc priests
  10 hell rats
  3 orc wizards
  A deep dwarf zombie (Crypt:2)
  3 mummies (Tomb:1)
  A gnoll (D:12)
  5 river rats (Lair:5)
  An adder zombie (Crypt:2)
  12 orcs
  2 kobolds (D:10)
  A rat (Lair:5)
  A lurking horror (Abyss:1)
  A plant (Elf:2)
  6 withered plants (Crypt:3)
1045 creatures vanquished.

Vanquished Creatures (others)
  5 orc warlords
  A shard shrike simulacrum (Coc:4)
  A draconian stormcaller (Zot:4)
  11 orc knights
  A caustic shrike simulacrum (Coc:3)
  4 orc high priests
  A thrashing horror (Abyss:4)
  A deep elf knight (Elf:2)
  A quicksilver dragon simulacrum (Coc:2)
  A naga ritualist (Snake:1)
  A deep elf pyromancer (Elf:1)
  6 orc sorcerers
  A manticore (D:15)
  A bunyip simulacrum (Coc:2)
  An iron giant simulacrum (Coc:4)
  3 bloated husks
  2 stone giant simulacra (Coc:3)
  A water elemental (Elf:3)
  A naga simulacrum (Coc:3)
  A fire bat (shapeshifter) (Vaults:5)
  A harpy simulacrum (Coc:2)
  An ettin simulacrum (Coc:2)
  10 orc warriors
  16 orc priests
  10 orc wizards
  2 hell rats (Hell)
  57 orcs
  A kobold (D:4)
  26 foxfires
  25 fungi
  A lurking horror (Abyss:4)
  131 plants
  40 starspawn tentacles
  2 tentacles (Tar:7)
  37 withered plants (Crypt:3)
405 creatures vanquished.

Grand Total: 3500 creatures vanquished

Notes
Turn   | Place    | Note
-------+----------+-------------------------------------------
     0 | D:1      | seehj the Hill Orc Fighter began the quest for the Orb.
     0 | D:1      | Reached XP level 1. HP: 19/19 MP: 1/1
   140 | D:1      | Reached XP level 2. HP: 27/27 MP: 2/2
   193 | D:1      | Reached skill level 1 in Invocations
   806 | D:2      | Reached XP level 3. HP: 27/33 MP: 4/4
   853 | D:2      | Identified the +2 helmet of Philately {Str+7 Int-2}
   853 | D:2      | Noticed Robin
   858 | D:2      | Killed Robin
  1240 | D:2      | Found a shimmering blue altar of Sif Muna.
  1384 | D:2      | Reached skill level 2 in Invocations
  1384 | D:2      | Reached XP level 4. HP: 37/40 MP: 5/5
  1431 | D:2      | Found a faded altar of an unknown god.
  1755 | D:2      | Found a runed translucent door.
  1756 | D:2      | Noticed Crazy Yiuf
  2005 | D:3      | Found Rouwo's Antique Weapon Emporium.
  2013 | D:3      | Bought a glowing sling for 90 gold pieces
  2155 | D:3      | Noticed Grinder
  2182 | D:3      | Paralysed by Grinder for 2 turns
  2189 | D:3      | Killed Grinder
  2190 | D:3      | Reached skill level 5 in Fighting
  2190 | D:3      | Reached skill level 3 in Invocations
  2190 | D:3      | Reached XP level 5. HP: 34/48 MP: 5/7
  2190 | D:3      | Reached XP level 6. HP: 40/56 MP: 5/8
  2513 | D:3      | Noticed Sigmund
  2529 | D:3      | Killed Sigmund
  2530 | D:3      | Reached skill level 4 in Invocations
  2530 | D:3      | Reached XP level 7. HP: 39/61 MP: 8/10
  2648 | D:3      | You fall into a shaft and drop 1 floor!
  2791 | D:4      | Became a worshipper of Beogh the Brigand
  2989 | D:4      | Reached skill level 5 in Invocations
  3039 | D:4      | Found an ornate altar of the Wu Jian Council.
  3041 | D:4      | Found a shimmering blue altar of Sif Muna.
  3415 | D:4      | Reached * piety under Beogh
  3780 | D:5      | Entered Level 5 of the Dungeon
  3793 | D:4      | Reached XP level 8. HP: 60/71 MP: 10/12
  4244 | D:5      | Reached skill level 6 in Invocations
  5031 | D:5      | Reached skill level 10 in Axes
  5313 | D:5      | Found a staircase to the Ecumenical Temple.
  5345 | D:6      | Found Kieqiw's Jewellery Shoppe.
  5391 | D:6      | Reached skill level 7 in Invocations
  5562 | D:6      | Reached XP level 9. HP: 43/79 MP: 14/14
  6343 | D:6      | Noticed a two-headed ogre
  6995 | D:7      | Found Ilyrr's Weapon Shoppe.
  7002 | D:7      | Bought a +2 war axe of holy wrath for 274 gold pieces
  7331 | D:7      | Reached ** piety under Beogh
  7355 | D:7      | Reached skill level 8 in Invocations
  7507 | D:8      | Noticed a two-headed ogre
  7648 | D:8      | Found a glowing silver altar of Zin.
  7665 | D:8      | Found a staircase to the Lair.
  7797 | D:8      | Killed a two-headed ogre
  8013 | D:8      | Noticed Psyche
  8037 | D:7      | Killed Psyche
  8038 | D:7      | Reached skill level 9 in Invocations
  8038 | D:7      | Reached XP level 10. HP: 35/91 MP: 14/16
  8367 | D:8      | HP: 4/91 [poisoned by a hornet]
  9219 | D:8      | Found a shadowy altar of Dithmenos.
  9687 | Lair:1   | Entered Level 1 of the Lair of Beasts
  9687 | Lair:1   | Noticed a cane toad
  9741 | D:9      | Noticed a kobold demonologist
  9741 | D:9      | Found a basalt altar of Yredelemnul.
  9757 | D:8      | Killed a kobold demonologist
  9937 | D:8      | Reached skill level 10 in Invocations
  9949 | D:8      | Reached skill level 10 in Fighting
 10334 | D:9      | Reached *** piety under Beogh
 10356 | D:9      | Found a shimmering altar of Xom.
 10356 | D:9      | Found a shimmering altar of Xom.
 10357 | D:9      | Found a shimmering altar of Xom.
 10357 | D:9      | Found a shimmering altar of Xom.
 10358 | D:9      | Found a shimmering altar of Xom.
 10358 | D:9      | Found a shimmering altar of Xom.
 10358 | D:9      | Found a shimmering altar of Xom.
 10358 | D:9      | Found a shimmering altar of Xom.
 10359 | D:9      | Found a shimmering altar of Xom.
 10401 | D:9      | Reached XP level 11. HP: 34/99 MP: 18/18
 10663 | D:10     | Entered Level 10 of the Dungeon
 11119 | D:10     | Reached skill level 15 in Axes
 11360 | D:9      | Noticed a harpy
 11361 | D:9      | Noticed a fire crab
 11362 | D:9      | a harpy changed into a blink frog
 11458 | D:10     | Noticed a cyclops
 12142 | D:10     | Killed a cyclops
 12519 | D:11     | Noticed a cyclops
 12520 | D:11     | Killed a cyclops
 12542 | D:11     | Reached skill level 5 in Armour
 12545 | D:11     | Reached skill level 5 in Shields
 12545 | D:11     | Reached skill level 11 in Invocations
 12770 | D:11     | Found a staircase to the Orcish Mines.
 12770 | D:11     | Noticed a boulder beetle
 12788 | D:11     | Killed a boulder beetle
 13139 | D:11     | Noticed a two-headed ogre
 13148 | D:11     | Killed a two-headed ogre
 13305 | D:11     | Noticed a two-headed ogre
 13313 | D:11     | Killed a two-headed ogre
 13512 | D:11     | Noticed a cyclops
 13517 | D:11     | Killed a cyclops
 13704 | D:11     | Noticed a boulder beetle
 13705 | D:11     | Noticed an ogre mage
 13720 | D:11     | Killed an ogre mage
 13721 | D:11     | Reached skill level 1 in Evocations
 13730 | D:11     | Killed a boulder beetle
 14820 | D:12     | Reached **** piety under Beogh
 14899 | D:12     | Reached skill level 12 in Invocations
 14899 | D:12     | Reached XP level 12. HP: 94/106 MP: 19/21
 16832 | Lair:2   | Gained Horkud as an ally
 16855 | Lair:2   | Found a staircase to the Snake Pit.
 17049 | Lair:2   | Noticed a death yak
 17571 | Lair:2   | Noticed a death yak
 17576 | Lair:2   | Noticed a death yak
 17583 | Lair:2   | Killed a death yak
 17733 | Lair:2   | Killed a death yak
 17745 | Lair:2   | Killed a death yak
 17746 | Lair:2   | Reached skill level 13 in Invocations
 18468 | Lair:2   | Reached skill level 5 in Evocations
 18485 | Lair:2   | Noticed a catoblepas
 18498 | Lair:2   | Killed a catoblepas
 19445 | Lair:3   | You fall into a shaft and drop 2 floors!
 19445 | Lair:5   | Entered Level 5 of the Lair of Beasts
 19525 | Lair:5   | Reached ***** piety under Beogh
 19549 | Lair:5   | Reached XP level 13. HP: 88/113 MP: 23/23
 19933 | Lair:5   | Reached skill level 14 in Invocations
 20026 | Lair:5   | Noticed Nessos
 20035 | Lair:5   | Killed Nessos
 20538 | Lair:5   | Reached ****** piety under Beogh
 20728 | Lair:5   | Reached skill level 10 in Armour
 20728 | Lair:5   | Reached skill level 10 in Shields
 20730 | Lair:5   | Gained Bogmar as an ally
 21179 | Lair:5   | Found a staircase to the Slime Pits.
 21802 | Lair:5   | Found a runed translucent door.
 21811 | Lair:5   | Noticed an ice dragon
 21935 | Lair:4   | Reached skill level 15 in Invocations
 22518 | Lair:3   | Found a staircase to the Swamp.
 22549 | Lair:3   | Identified the +11 dagger "Gatavis" {venom, Dex+4}
 22826 | Lair:3   | Identified the +9 demon whip "Ceshuesuh" {pain, rC+ MP+9
                  | Str+4 Int+2}
 23434 | Lair:4   | Found a blossoming altar of Fedhas.
 23448 | Lair:4   | Reached XP level 14. HP: 103/121 MP: 25/25
 23455 | Lair:4   | HP: 5/121 [oklob plant/splash of acid (12)]
 24058 | Lair:4   | Reached skill level 1 in Maces & Flails
 25114 | Orc:1    | Entered Level 1 of the Orcish Mines
 25157 | Orc:1    | Paralysed by an orc sorcerer for 2 turns
 26084 | Orc:1    | Noticed an orc warlord
 26360 | Orc:1    | Paralysed by an orc sorcerer for 3 turns
 26559 | Orc:1    | Noticed an orc warlord
 26579 | Orc:1    | Killed an orc warlord
 26964 | Orc:1    | Identified the +0 helmet "Vippazoo" {rPois rCorr Slay+3}
 27190 | Orc:1    | Found a roughly hewn altar of Beogh.
 27287 | Orc:1    | Noticed an orc warlord
 28153 | Orc:2    | Entered Level 2 of the Orcish Mines
 28153 | Orc:2    | Noticed Jorgrun
 28386 | Orc:1    | Gained Bogwald as an ally
 29097 | Orc:1    | Reached skill level 1 in Dodging
 29167 | Orc:2    | Found a staircase to the Elven Halls.
 30188 | Orc:2    | Noticed an orc warlord
 30652 | Orc:2    | Killed Jorgrun
 30890 | Orc:2    | Killed an orc warlord
 31605 | Orc:2    | Found Qorisk Pulua's General Store.
 31628 | Orc:2    | Gained Okrist as an ally
 31631 | Orc:2    | Your ally Horkud died
 31634 | Orc:2    | Found a roughly hewn altar of Beogh.
 31635 | Orc:2    | Found Ladill's Magic Scroll Shop.
 31830 | Orc:2    | Bought a scroll of identify for 22 gold pieces
 31837 | Orc:2    | Bought a scroll of enchant armour for 105 gold pieces
 31837 | Orc:2    | Bought a scroll of identify for 28 gold pieces
 31837 | Orc:2    | Bought a scroll of blinking for 105 gold pieces
 31874 | Orc:2    | Reached skill level 16 in Invocations
 32096 | Orc:2    | Found Mobot's Armour Shoppe.
 32164 | Orc:2    | Found Bedueriushi's Assorted Antiques.
 32174 | Orc:2    | Bought a scroll of identify for 74 gold pieces
 32174 | Orc:2    | Bought a potion of curing for 111 gold pieces
 32174 | Orc:2    | Bought a scroll of identify for 74 gold pieces
 32666 | Swamp:1  | Entered Level 1 of the Swamp
 32666 | Swamp:1  | Noticed an eleionoma
 32666 | Swamp:1  | Noticed a fenstrider witch
 33158 | D:12     | Gained Hilgar as an ally
 33169 | D:12     | Your ally Hilgar died
 33738 | D:12     | Gained Bogdar as an ally
 34165 | D:13     | Found a gate to the Vaults.
 34319 | D:13     | Noticed Maurice
 34705 | D:13     | Killed Maurice
 35662 | D:14     | Found a runed translucent gate.
 35666 | D:14     | Found a runed translucent gate.
 35668 | D:14     | Found a runed translucent gate.
 35670 | D:14     | Noticed LabCoat's ghost (journeyman HOFi)
 35677 | D:14     | Reached XP level 15. HP: 126/126 MP: 27/27
 35808 | D:14     | Identified 3 scrolls of acquirement
 35837 | D:14     | Found an opulent altar of Gozag.
 35909 | D:15     | Entered Level 15 of the Dungeon
 36757 | D:15     | Reached skill level 17 in Invocations
 37830 | D:15     | Found a staircase to the Depths.
 37841 | Depths:1 | Entered Level 1 of the Depths
 38252 | Snake:1  | Entered Level 1 of the Snake Pit
 40461 | Snake:1  | Paralysed by a salamander for 3 turns
 41070 | Snake:1  | Found an ancient bone altar of Kikubaaqudgha.
 42290 | Snake:2  | Noticed Vashnia
 42316 | Snake:2  | Killed Vashnia
 42630 | Snake:2  | Noticed Nikola
 42640 | Snake:1  | Acquired the +5 broad axe "Killer Klown's Bane" {vorpal,
                  | rC+ Will+ Str+3 SInv}
 42643 | Snake:1  | Acquired 732 gold pieces
 42644 | Snake:1  | Acquired the +8 mithril axe "Arga" {speed, Will+}
 42644 | Snake:1  | Found the +8 mithril axe "Arga" {speed, Will+}
 42811 | Snake:2  | Killed Nikola
 43079 | Snake:2  | Noticed Louise
 43103 | Snake:1  | Killed Louise
 43896 | Snake:1  | Reached XP level 16. HP: 138/138 MP: 28/28
 44406 | Snake:2  | Found Dalir's Jewellery Emporium.
 44406 | Snake:2  | Found Miag's Book Shop.
 44408 | Snake:2  | Found Riomette's Jewellery Emporium.
 44739 | Snake:2  | Noticed Agnes
 44749 | Snake:2  | Killed Agnes
 45063 | Snake:2  | Gained Berold as an ally
 45609 | Snake:2  | Reached skill level 18 in Invocations
 45691 | Snake:3  | Noticed Saint Roka
 48353 | Snake:4  | Entered Level 4 of the Snake Pit
 48576 | Swamp:1  | Noticed Josephine
 48605 | Lair:3   | Paralysed by a fenstrider witch for 2 turns
 48611 | Lair:3   | Killed a fenstrider witch
 48625 | Lair:3   | Killed Josephine
 49954 | Swamp:1  | Gained Ognian as an ally
 54126 | Swamp:4  | Entered Level 4 of the Swamp
 54553 | Slime:1  | Entered Level 1 of the Pits of Slime
 54805 | Snake:3  | Reached XP level 17. HP: 113/151 MP: 13/30
 55309 | Snake:3  | Noticed Kirke
 55366 | Snake:3  | Killed Kirke
 55469 | Snake:3  | Killed Saint Roka
 56508 | Snake:4  | Found Worunt's Distillery.
 56699 | Snake:4  | Found Uskoecigi's Antique Armour Shop.
 56732 | Snake:4  | Bought a potion of curing for 63 gold pieces
 56867 | Snake:4  | Noticed Mara
 56869 | Snake:4  | Noticed seehj's illusion
 56871 | Snake:4  | Killed Mara
 57223 | Snake:4  | Found Roas's Magic Scroll Shoppe.
 57241 | Snake:4  | Bought a scroll of summoning for 152 gold pieces
 57241 | Snake:4  | Bought a scroll of teleportation for 48 gold pieces
 57269 | Snake:4  | Gained Thorok as an ally
 57273 | Snake:4  | Gained Wulfoc as an ally
 57283 | Snake:4  | Reached skill level 19 in Invocations
 57301 | Snake:4  | Your ally Wulfoc died
 59328 | Snake:4  | Noticed a quicksilver dragon
 59330 | Snake:4  | Noticed a quicksilver dragon
 59337 | Snake:4  | Killed a quicksilver dragon
 59343 | Snake:4  | Killed a quicksilver dragon
 59351 | Snake:4  | Got a serpentine rune of Zot
 59648 | Snake:4  | Found Jaffun's Book Boutique.
 60475 | Swamp:4  | Noticed Roxanne
 60478 | Swamp:4  | Killed Roxanne
 60479 | Swamp:4  | Reached skill level 15 in Fighting
 62445 | Swamp:3  | Reached skill level 15 in Shields
 62756 | Swamp:3  | Reached skill level 15 in Armour
 63575 | Swamp:4  | Gained Argrim as an ally
 63879 | Swamp:4  | Reached XP level 18. HP: 128/163 MP: 31/31
 63893 | Swamp:4  | Reached skill level 10 in Evocations
 63895 | Swamp:4  | Found a blossoming altar of Fedhas.
 63896 | Swamp:4  | Gained Bogrim as an ally
 64234 | Swamp:4  | Found a basalt altar of Yredelemnul.
 64249 | Swamp:4  | Got a decaying rune of Zot
 64688 | Vaults:1 | Entered Level 1 of the Vaults
 64849 | Depths:1 | Identified the +2 shortbow "Ijagor" {speed, rC- rN+ Str+2}
 65340 | D:15     | Reached skill level 20 in Invocations
 65503 | Depths:1 | Found Zin's Purification Station.
 65509 | Depths:1 | Found a glowing silver altar of Zin.
 65514 | Depths:1 | Bought a potion of curing for 90 gold pieces
 66334 | Depths:1 | Found a one-way gateway to a ziggurat.
 67547 | Depths:2 | Found a gateway to Hell.
 67756 | Depths:2 | Found a one-way gate leading to the halls of Pandemonium.
 67868 | Depths:2 | Noticed a lich
 67877 | Depths:2 | Killed a lich
 68452 | Depths:2 | Found a portal to a secret trove of treasure.
 68594 | Depths:2 | Found Ijut's General Store.
 68606 | Depths:2 | Bought a wand of flame (15) for 189 gold pieces
 68606 | Depths:2 | Bought a wand of polymorph (2) for 50 gold pieces
 69756 | Depths:3 | Noticed a doom hound
 69756 | Depths:3 | Noticed Grunn
 69763 | Depths:3 | Killed a doom hound
 69765 | Depths:3 | Noticed a doom hound
 69769 | Depths:3 | Killed Grunn
 69772 | Depths:3 | Killed a doom hound
 69784 | Depths:3 | Reached skill level 21 in Invocations
 70641 | Depths:3 | Noticed a lich
 70641 | Depths:3 | Noticed a lich
 70642 | Depths:3 | Noticed a caustic shrike
 70664 | Depths:2 | Killed a caustic shrike
 70674 | Depths:2 | Killed a lich
 71281 | Depths:3 | Killed a lich
 71564 | Depths:3 | Noticed a titan
 71574 | Depths:3 | Killed a titan
 71590 | Depths:3 | Noticed a titan
 71599 | Depths:3 | Killed a titan
 71600 | Depths:3 | Reached XP level 19. HP: 106/170 MP: 33/33
 71841 | Depths:3 | Noticed a golden dragon
 72200 | Depths:3 | Found the +5 glaive of the Guard {elec, spectral, AC+5}
 72229 | Depths:2 | Killed a golden dragon
 72958 | Depths:3 | Found a one-way gate to the infinite horrors of the Abyss.
 73322 | Depths:3 | Noticed a tentacled monstrosity
 73328 | Depths:3 | Killed a tentacled monstrosity
 73617 | Depths:4 | Entered Level 4 of the Depths
 73884 | Depths:4 | Noticed a juggernaut
 73903 | Depths:3 | Killed a juggernaut
 75588 | Vaults:1 | Gained Ugbert as an ally
 75801 | Vaults:1 | Identified the +3 scale mail of Vytun {-Tele rElec Int+3
                  | Dex+6}
 75874 | Vaults:1 | Your ally Ugbert died
 76351 | Vaults:1 | Gained Jorge as an ally
 76803 | Vaults:1 | Identified the amulet "Okeoh" {Drain Regen+ Str+5}
 78030 | Vaults:2 | Found Ecraeroi's Magic Scroll Boutique.
 79144 | Elf:1    | Entered Level 1 of the Elven Halls
 79311 | Elf:1    | Gained mutation: You occasionally lose the ability to drink
                  | potions when taking damage. [a neqoxec]
 79473 | Orc:2    | Lost mutation: You occasionally lose the ability to drink
                  | potions when taking damage. [potion of mutation]
 79473 | Orc:2    | Gained mutation: [You are weak. (Str -2)] [potion of
                  | mutation]
 79473 | Orc:2    | Gained mutation: Your magical capacity is low. (-10% MP)
                  | [potion of mutation]
 79473 | Orc:2    | Gained mutation: You expend magic power (3 MP) to
                  | strengthen your wands. [potion of mutation]
 79473 | Orc:2    | Gained mutation: You are partially covered in iridescent
                  | scales. (AC +2) [potion of mutation]
 79493 | Elf:1    | Paralysed by an air elemental for 1 turns
 79498 | Elf:1    | Paralysed by an air elemental for 1 turns
 79921 | Elf:1    | Reached skill level 22 in Invocations
 80249 | Elf:1    | Gained Geork as an ally
 80250 | Elf:1    | Reached XP level 20. HP: 165/182 MP: 31/31
 80954 | Elf:1    | Gained Norbak as an ally
 80959 | Elf:1    | Your ally Geork died
 80970 | Elf:1    | Paralysed by an air elemental for 1 turns
 80980 | Elf:1    | Your ally Norbak died
 81671 | Elf:1    | Found Tunu's Jewellery Boutique.
 81671 | Elf:1    | Found Voanu's Book Shop.
 81717 | Elf:1    | Found Woufaate's Antique Armour Shop.
 81719 | Elf:1    | Found Otrofaej's Weapon Boutique.
 82392 | Elf:1    | Gained Morbeogh as an ally
 82440 | Elf:2    | Found Vaaniqag's Armour Shoppe.
 82529 | Elf:2    | Found Fualon's Book Shop.
 83572 | Elf:2    | Found a runed translucent gate.
 83574 | Elf:2    | Found a runed translucent gate.
 83574 | Elf:2    | Found a runed translucent gate.
 83682 | Elf:2    | Found Jant's Antique Armour Shoppe.
 83709 | Elf:2    | Found Bodues's Magic Scroll Emporium.
 83716 | Elf:2    | Found Eveylus's Antique Weapon Shop.
 85444 | Elf:3    | Entered Level 3 of the Elven Halls
 87016 | Elf:3    | Paralysed by an air elemental for 1 turns
 87020 | Elf:3    | Paralysed by an air elemental for 1 turns
 87381 | Elf:3    | Your ally Morbeogh died
 87383 | Elf:3    | Your ally Berold died
 88367 | Elf:3    | Identified the +6 dire flail "Fyistryma" {freeze, Int+3}
 88367 | Elf:3    | Identified the ring of Compassion {EV+4 Int+3 Slay+3}
 88482 | Elf:3    | Reached XP level 21. HP: 131/192 MP: 32/32
 88805 | Elf:3    | Identified the +0 fire dragon scales "Igapniefa" {rPois
                  | rF++ rC- Regen+ Int-2}
 89000 | Elf:3    | Identified the ring "Bapereto" {rPois Str-4 Int-4 Dex+7}
 89131 | Elf:3    | Got the Codex of Blasphemous Magic
 89147 | Elf:3    | Identified the ring of the Solemn God {rF- rCorr Dex+2
                  | SInv}
 89153 | Elf:3    | Identified the +6 quarterstaff of the Furious {flame, rC+
                  | rN+ Int+5}
 89484 | Elf:2    | Found a radiant altar of Vehumet.
 89656 | Elf:1    | Bought a glowing crystal plate armour for 3071 gold pieces
 90130 | Vaults:1 | Gained Beowulf as an ally
 90131 | Vaults:1 | Reached skill level 23 in Invocations
 91168 | Vaults:2 | Noticed Zenata
 91174 | Vaults:2 | Killed Zenata
 91555 | Vaults:2 | Gained Zorug as an ally
 92602 | Vaults:3 | Your ally Zorug died
 94239 | Vaults:3 | Found a staircase to the Crypt.
 94239 | Vaults:3 | Found a basalt altar of Yredelemnul.
 94239 | Vaults:3 | Found an ancient bone altar of Kikubaaqudgha.
 94379 | Vaults:3 | Found Lulareak's Book Shoppe.
 96089 | Vaults:3 | Reached XP level 22. HP: 187/203 MP: 34/34
 96782 | Vaults:4 | Reached skill level 15 in Evocations
 96794 | Vaults:4 | Gained Boghold as an ally
 97449 | Vaults:4 | Gained Syrus as an ally
 97822 | Vaults:4 | Reached skill level 24 in Invocations
 99025 | Vaults:5 | Entered Level 5 of the Vaults
 99479 | Vaults:4 | Your ally Bogrim died
101823 | Vaults:5 | Noticed an ancient lich
102051 | Vaults:4 | Killed an ancient lich
103177 | Vaults:5 | Gained Boderik as an ally
103651 | Vaults:5 | Identified the +10 battleaxe "Amuco" {vorpal, Fly Will+}
104030 | Vaults:4 | Paralysed by a sphinx for 5 turns
104877 | Vaults:4 | Reached XP level 23. HP: 208/213 MP: 35/35
105561 | Vaults:5 | Noticed a golden dragon
105573 | Vaults:4 | Killed a golden dragon
107272 | Vaults:5 | Gained Olfik as an ally
107273 | Vaults:5 | Reached skill level 25 in Invocations
107441 | Vaults:5 | Identified the +7 sling of Iptewner {flame, rCorr Str+3
                  | Int-4}
107662 | Vaults:5 | Identified the +6 hand axe of the Sneaky Leylines {vorpal,
                  | Int+3}
107764 | Vaults:5 | Identified the +4 plate armour of Quantum Leap {rN+ Regen+
                  | Str+4 Int+3}
107951 | Vaults:5 | Got a silver rune of Zot
108372 | Crypt:1  | Entered Level 1 of the Crypt
109285 | Crypt:1  | Noticed Xtahua
109317 | Crypt:1  | Killed Xtahua
109590 | Crypt:2  | Gained Gorm as an ally
110237 | Crypt:2  | Gained Harm as an ally
110976 | Crypt:2  | Found a basalt altar of Yredelemnul.
111038 | Crypt:2  | Identified the +4 ring mail of Wasted Space {*Corrode rN+++
                  | Int+3}
111121 | Crypt:3  | Entered Level 3 of the Crypt
111717 | Crypt:3  | Reached skill level 26 in Invocations
111778 | Crypt:3  | Found the +5 sword of Power {vorpal}
112618 | Crypt:3  | Found an ancient bone altar of Kikubaaqudgha.
112620 | Crypt:3  | Noticed a dread lich
112628 | Crypt:3  | Killed a dread lich
112663 | Crypt:3  | Found the +5 scythe "Finisher" {speed, eviscerate}
112664 | Crypt:3  | Noticed a dread lich
112667 | Crypt:3  | Killed a dread lich
112676 | Crypt:3  | Identified the ring of Nemiteas {+Blink rElec rN+ Str+6}
112721 | Crypt:3  | Got Muit's Directory of the Iceberg and the Swarm
112831 | Crypt:3  | Found a staircase to the Tomb.
112935 | Crypt:3  | Noticed Bai Suzhen
112943 | Crypt:3  | Killed Bai Suzhen
113018 | Crypt:3  | Reached XP level 24. HP: 210/225 MP: 36/36
113048 | Crypt:3  | Identified the ring of Oreufoz {rC+ Int+4 Dex+6}
113194 | Crypt:3  | Identified the ring "Raxzod" {rPois Int+3 Dex+6}
113524 | Tomb:1   | Entered Level 1 of the Tomb of the Ancients
113892 | Tomb:1   | Gained Harm as an ally
113916 | Tomb:1   | Gained Morguth as an ally
114361 | Tomb:1   | Noticed a royal mummy
114385 | Tomb:1   | Killed a royal mummy
114458 | Tomb:1   | Noticed a royal mummy
114491 | Tomb:1   | Killed a royal mummy
114618 | Tomb:1   | Noticed a royal mummy
114647 | Tomb:1   | Your ally Morguth died
114648 | Tomb:1   | Your ally Harm died
114648 | Tomb:1   | Killed a royal mummy
116387 | Slime:4  | Reached skill level 27 in Invocations
117045 | Slime:5  | Entered Level 5 of the Pits of Slime
117440 | Slime:5  | Gained mutation: You are strong-willed. (Will+) [a shining
                  | eye]
117968 | Slime:5  | Noticed the Royal Jelly
118064 | Slime:5  | Gained mutation: You are dopey. (Int -2) [a shining eye]
118066 | Slime:5  | Gained mutation: Armour fits poorly on your strangely
                  | shaped body. [a shining eye]
120827 | Slime:5  | Killed the Royal Jelly
121586 | Slime:5  | Identified the ring of the Worm {rElec rCorr MP+9 Str+2}
121605 | Slime:5  | Identified the ring of Anouvvupp {Fire Dex+3}
121607 | Slime:5  | Got a slimy rune of Zot
121653 | Slime:5  | Identified the +8 battleaxe of Canuv {freeze, Drain Int+8
                  | Stlth+}
121676 | Slime:5  | Identified the +10 triple crossbow of Defiance {flame,
                  | Fragile rElec rF++ Stlth+}
121677 | Slime:5  | Identified the amulet of Pamarixtu {Faith rPois Regen+}
121759 | Slime:5  | Identified the +10 lajatang of Mourning {freeze, MP+9 Int+2
                  | Dex+3 Stlth+}
122252 | Vaults:2 | Bought a scroll of acquirement for 988 gold pieces
122252 | Vaults:2 | Bought a scroll of magic mapping for 142 gold pieces
122252 | Vaults:2 | Bought a scroll of enchant armour for 142 gold pieces
122252 | Vaults:2 | Bought a scroll of teleportation for 57 gold pieces
122252 | Vaults:2 | Bought a scroll of teleportation for 57 gold pieces
122630 | Depths:2 | You paid a toll of 2 scrolls of acquirement to enter a
                  | treasure trove
122631 | Trove    | Entered a treasure trove
122645 | Trove    | Identified the ring "Onexiana" {rCorr SInv}
122650 | Trove    | Identified the ring of the Eagle {rN++ rCorr Str+8}
122651 | Trove    | Identified the ring of Recklessness {rElec MP+9}
122658 | Trove    | Identified the ring of Doors {rElec rN++ Will+ MP+9 Stlth-}
122659 | Trove    | Identified the ring "Roludosiu" {rCorr Int+4}
122661 | Trove    | Identified the amulet of the Jester {Spirit rElec rC+
                  | Int+4}
123983 | Depths:3 | Voluntarily entered the Abyss.
124393 | Abyss:1  | Paralysed by accursed screaming for 1 turns
124595 | Abyss:2  | Found a corrupted altar of Lugonu.
124764 | Abyss:3  | Found a basalt altar of Yredelemnul.
124872 | Depths:3 | Escaped the Abyss
124908 | Depths:3 | Voluntarily entered the Abyss.
125169 | Abyss:3  | Gained Olfik as an ally
125284 | Abyss:3  | Reached XP level 25. HP: 237/237 MP: 36/36
125347 | Abyss:3  | Your ally Olfik died
125356 | Abyss:3  | Paralysed by accursed screaming for 1 turns
125362 | Abyss:3  | Paralysed by accursed screaming for 1 turns
125672 | Abyss:4  | Paralysed by you for 3 turns
125771 | Abyss:4  | Paralysed by accursed screaming for 2 turns
125782 | Abyss:4  | Paralysed by accursed screaming for 2 turns
125793 | Abyss:4  | Paralysed by accursed screaming for 1 turns
125820 | Abyss:4  | Paralysed by accursed screaming for 1 turns
125832 | Abyss:4  | Got an abyssal rune of Zot
125990 | Abyss:4  | Paralysed by accursed screaming for 1 turns
125992 | Depths:3 | Escaped the Abyss
126006 | Depths:3 | Voluntarily entered the Abyss.
126066 | Abyss:4  | Found a corrupted altar of Lugonu.
126167 | Depths:3 | Escaped the Abyss
126169 | Depths:3 | Voluntarily entered the Abyss.
126320 | Abyss:4  | Found a corrupted altar of Lugonu.
126434 | Depths:3 | Escaped the Abyss
126780 | Hell     | Entered the Vestibule of Hell
126781 | Hell     | Noticed Geryon
127718 | Depths:4 | Found a gate to the Realm of Zot.
127949 | Zot:1    | Entered Level 1 of the Realm of Zot
128132 | Zot:1    | Reached XP level 26. HP: 130/249 MP: 36/36
128821 | Zot:1    | Gained Korbok as an ally
129370 | Zot:1    | Identified the +9 broad axe of Optimality {protect, +Blink}
129596 | Zot:1    | Gained Morguth as an ally
129840 | Zot:1    | Identified the +8 scale mail of Benevolence {SInv}
130457 | Zot:1    | Gained Arbolt as an ally
131868 | Zot:3    | Found a shimmering altar of Xom.
135682 | Zot:2    | Reached skill level 1 in Transmutations
136093 | Zot:4    | Gained Orgrim as an ally
136612 | Zot:4    | Reached XP level 27. HP: 246/261 MP: 36/36
136876 | Zot:4    | Your ally Orgrim died
137757 | Zot:5    | Entered Level 5 of the Realm of Zot
138008 | Zot:4    | Learned a level 3 spell: Teleport Other
138512 | Zot:5    | Reached skill level 1 in Spellcasting
139007 | Depths:4 | Learned a level 2 spell: Wereblood
139614 | Hell     | Killed Geryon
140079 | Hell     | Found a gateway to the freezing wastes of Cocytus.
140168 | Hell     | Found a gateway to the decaying netherworld of Tartarus.
140302 | Hell     | Found a gateway to the ashen valley of Gehenna.
140355 | Hell     | Found a gateway to the Iron City of Dis.
140433 | Tar:1    | Entered Level 1 of Tartarus
140900 | Tar:3    | Reached skill level 5 in Transmutations
141090 | Tar:3    | Gained Milork as an ally
141743 | Tar:6    | Noticed a dread lich
141761 | Tar:6    | Killed a dread lich
142181 | Tar:7    | Entered Level 7 of Tartarus
143409 | Tar:7    | Identified the +6 halberd of Ituah {protect, Fly rElec
                  | MP-9}
143416 | Tar:7    | Identified the ring "Inagovvo" {Fly rN+++ Int-4 Stlth-}
143933 | Tar:7    | Noticed Ereshkigal
143949 | Tar:7    | Your ally Syrus died
143950 | Tar:7    | Your ally Jorge died
144030 | Tar:7    | Killed Ereshkigal
144164 | Tar:7    | Got a bone rune of Zot
144166 | Tar:7    | Identified the +2 falchion "Nakea" {drain, rC+}
144167 | Tar:7    | Identified the ring of Qygh {Fire Str+4 Dex-4}
144708 | Tar:7    | Identified the ring "Goorem" {+Blink Will+ Int+6 Dex-5}
144710 | Tar:7    | Got the Cyclopedia of Metal
144713 | Tar:7    | Identified the +2 ring mail of Polish {rPois}
145315 | Snake:2  | Bought a manual of Earth Magic for 1040 gold pieces
145718 | Coc:1    | Entered Level 1 of Cocytus
145881 | Coc:2    | Paralysed by a wendigo for 1 turns
145882 | Coc:2    | Reached skill level 1 in Translocations
145909 | Coc:2    | Paralysed by a wendigo for 1 turns
145918 | Coc:2    | Paralysed by a wendigo for 1 turns
146211 | Depths:3 | Voluntarily entered the Abyss.
146333 | Abyss:4  | Gained Marbork as an ally
146379 | Depths:3 | Escaped the Abyss
146434 | Depths:3 | Voluntarily entered the Abyss.
146779 | Depths:3 | Escaped the Abyss
147478 | Coc:4    | Paralysed by a wendigo for 1 turns
147546 | Coc:4    | Paralysed by a wendigo for 1 turns
147707 | Coc:4    | Paralysed by a wendigo for 1 turns
147713 | Coc:4    | Paralysed by a wendigo for 1 turns
147909 | Coc:4    | Reached skill level 1 in Earth Magic
148518 | Coc:5    | HP: 8/180 [shard shrike (6)]
148519 | Coc:5    | Killed from afar by a shard shrike

Illustrated notes

Levels and vault maps discovered:
D:1:      dpeg_arrival_long_road, layout_basic, minmay_misc_feat_secret_circle,
          st_stairs_12
D:2:      layout_loops_ring, ebering_ecumenical_altar_sacrificial, basic_altar,
          glass_columns_b, uniq_crazy_yiuf_cottage, uniq_robin
D:3:      layout_basic, serial_shops, shop, uniq_grinder, uniq_sigmund
D:4:      layout_rooms, chequers_temple_overflow_statue_of_worship,
          minmay_misc_feat_x, kennysheep_generic_room_14
D:5:      layout_basic, minmay_temple_entry_offerings
D:6:      layout_basic, serial_shops, nicolae_shop_statue_plus,
          chequers_serial_rivers_micro_b, small_statue_intersection
D:7:      layout_basic, minmay_shop_grid_forest
D:8:      layout_rooms, nicolae_dithmenos_the_darkroom,
          mainiacjoe_overflow_paths, lair_entry_dummy, uniq_psyche
D:9:      layout_cave_pools, xom_shifter_show, overflow_temple_1_default,
          serial_gnoll_camp, gnoll_camp_mini_loothouse,
          gnoll_camp_mini_sergeant, gnoll_camp_mini_basic,
          gnoll_camp_mini_basic, gnoll_camp_mini_hut, gnoll_camp_mini_hut
D:10:     layout_cave_pools
D:11:     layout_irregular_city, david_orc_3, minivault_20
D:12:     layout_irregular_city
D:13:     layout_rooms, hangedman_vaults_entry_quadrant_bands,
          portal_ice_cave_entry_pillars_1, uniq_maurice
D:14:     layout_roguey, ebering_ghost_rock_garden,
          nicolae_gozag_cash_rules_everything_around_me
D:15:     hangedman_depths_entry_try_elsewhere_first, layout_gridville,
          nicolae_hexahallways, nicolae_lava_and_water, grunt_decor_one_mirror,
          kb_rosetta
Lair:1:   layout_regular_city, chequers_serial_rivers_room_a, minmay_holes,
          cheibrodos_lair_caveside_slide, st_stairs_12
Lair:2:   nzn_winding_woodlands_three_and_one
          [nzn_winding_woodlands_5x15_split_checker,
          nzn_winding_woodlands_5x15_parted, nzn_winding_woodlands_5x15_default,
          nzn_winding_woodlands_center_lodge], layout_regular_city,
          guppyfry_snake_entry_garden, st_stairs_4,
          eino_small_chamber_without_monster, serial_bayou_pond_e
Lair:3:   layout_regular_city, swamp_mist, serial_bayou_shore_b
Lair:4:   layout_loops_ring, hangedman_tree_tricks, fungi_pond_lemuel,
          grunt_megastairs_2
Lair:5:   hangedman_lair_caniforms_friends, layout_long_grid, wormcave,
          dpeg_slime_entry_enclosed, minivault_23, minivault_25,
          kennysheep_rathole, grunt_megastairs_1, uniq_nessos
Swamp:1:  layout_basic_swamp, evilmike_swamp_ruin_house_4, swamp_pool1,
          uniq_josephine
Swamp:2:  layout_basic_swamp, evilmike_swamp_ruin_house_1, swamp_pool1,
          infiniplex_staircase_pool
Swamp:3:  layout_basic_swamp, evilmike_swamp_ruin_rubble_1
Swamp:4:  byrel_swamp_growth_death_and_undeath, layout_basic_swamp, uniq_roxanne
Snake:1:  layout_basic, basic_altar
Snake:2:  layout_gridlike, minmay_shop_grove, uniq_louise, uniq_vashnia,
          uniq_nikola, uniq_agnes
Snake:3:  layout_chambers, drop_trap, uniq_kirke, uniq_saint_roka
Snake:4:  hellmonk_snake_rune_quicksilver_temple, layout_cave_shapes,
          serial_shops, shop, shop_fountains, shop, nicolae_shop_hallway_plus,
          serial_bayou, serial_bayou_shore_b, serial_bayou_pond_e,
          serial_bayou_pond_d, serial_bayou_lagoon_a, serial_bayou_pond_c,
          lemuel_fruit_tree, uniq_mara
Slime:1:  layout_caves, nicolae_slime_barrier, nicolae_slime_phagocytosis
Slime:2:  layout_caves, cheibrodos_slime_lost_civilization_5
Slime:3:  layout_caves
Slime:4:  layout_caves
Slime:5
Orc:1:    layout_caves, basic_altar, minmay_orc_treasury
Orc:2:    hellmonk_orc_salted, layout_diamond_mine, uniq_jorgrun
Elf:1:    nicolae_elf_arrival_no_cutting_in_line, layout_gridlike,
          hangedman_elven_crosses_minicolossus, minmay_shoptagon
Elf:2:    nicolae_elf_blades_crystal_corner, layout_loops_corners, serial_shops,
          nicolae_shop_overgrown_old_shop, shop, shop, nicolae_stop_n_shop_2,
          nicolae_shop_waterfront, lemuel_upstairs_altar
Elf:3:    minmay_elf_hall_statues, layout_loops_ring, nicolae_elf_crossing_hall
Vaults:1: ontoclasm_vaults_misaligned, hangedman_vaults_stitches, v_misc_27,
          v_misc_25, grunt_vaults_funnel, v_rooms_2, vaults_mumra_chevron,
          vaults_mumra_lcd, vaults_mumra_hexcomb, hangedman_vaults_variations,
          layout_vaults_big_room
Vaults:2: hangedman_vaults_locks, ontoclasm_vaults_tryst,
          nicolae_vaults_gold_heap, hangedman_vaults_nails,
          vaults_standard_mumra_enter_the_diamond, nicolae_vaults_what_the_h,
          ontoclasm_vaults_ring_square, ontoclasm_vaults_eye,
          vaults_room_stairs_pillars, vaults_dpeg_encased_lava,
          hangedman_vaults_restitches, ontoclasm_vaults_gateway,
          layout_vaults_omnicross, serial_shops,
          nicolae_shop_competitors_out_of_business, uniq_zenata
Vaults:3: grunt_vaults_trifunnel, v_pattern_5, vaults_mumra_chevron_long,
          v_misc_26, ontoclasm_vaults_pinch, st_quartered_hall,
          hangedman_vaults_capsules, nicolae_vaults_network_barrier,
          minmay_crypt_entry_necro_gods, ontoclasm_vaults_claustrophobia,
          ontoclasm_vaults_ligature, nicolae_vaults_network_star,
          vaults_dpeg_doors, vaults_room_pools, layout_vaults_omnibox,
          serial_shops, shop
Vaults:4: v_misc_19, hangedman_vaults_nails, hangedman_vaults_nodes,
          st_spiral_rooms, vaults_mumra_hex, vaults_dpeg_hooks,
          ontoclasm_vaults_chip, vaults_dpeg_ring, layout_vaults_omnigrid,
          serial_glass
Vaults:5
Crypt:1:  layout_basic, uniq_xtahua
Crypt:2:  gammafunk_crypt_yreds_forest, layout_misc_corridors
Crypt:3:  quadcrypt_mu, uniq_bai_suzhen
Tomb:1
Depths:1: layout_gridlike, enter_ziggurat_a, hangedman_geh_valley,
          grunt_pan_entry_sceptre, abyss_entry_small_statue_room, zin_purify
Depths:2: hangedman_elemental_death_ray, layout_cave_pools,
          rand_demon_pan_entry_3, hell_entry, enter_trove_5, serial_shops,
          nicolae_stop_n_shop_1, corexii_hall_statues_i,
          minmay_staircase_windowed_small
Depths:3: minmay_guarded_unrand_guard, layout_gridlike, serial_aquarium,
          aquarium_bridge_square [aquarium_subvault_bridge,
          aquarium_subvault_wall, aquarium_subvault_bridge,
          aquarium_subvault_bridge], aquarium_window_1, aquarium_window_1,
          aquarium_view_2b, aquarium_balcony_3b, aquarium_pool_corner,
          abyss_entry, hellmouth_1, serial_bayou_shore_b, uniq_grunn
Depths:4: grunt_twist_and_shout, layout_basic, grunt_hell_entry_dis_old,
          hangedman_abyss_or_decor_passed
Hell
Coc:1:    layout_cocytus_water_paths
Coc:2:    layout_cocytus_delve
Coc:3:    layout_ice_bergs, nicolae_hells_hurtin_island
Coc:4:    nooodl_cocytus_jagged_cave
Coc:5:    layout_cocytus_water_paths
Tar:1:    layout_grid_maze
Tar:2:    layout_grid_maze
Tar:3:    layout_grid_maze, nicolae_tar_cuneiform_sun
Tar:4:    layout_honeycomb
Tar:5:    layout_cathedral_of_symmetry
Tar:6:    layout_cathedral_of_symmetry
Tar:7:    tar_minmay_river
Zot:1:    layout_basic, grunt_megastairs_3
Zot:2:    layout_basic
Zot:3:    layout_misc_corridors, basic_altar, st_single_dragon_hoard_4,
          grunt_megastairs_4
Zot:4:    layout_concentric_octagons
Zot:5:    layout_basic, kennysheep_underground_church

Skill      XL: |  1  2  3  4  5  6  7  8  9 10 11 12 13 14 15 16 17 18 19 20 21 22 23 24 25 26 27 |
---------------+----------------------------------------------------------------------------------+-----
Axes           | 3 4 6 7 8 10 13 14 16 17 18 19 20 21 22 | 22.4
Invocations    | 1 2 3 4 5 7 9 10 12 13 15 16 17 18 19 21 22 23 24 26 27 | 27.0
Fighting       | 4 5 6 7 9 10 11 13 15 16 17 18 19 20 21 22 24 26 | 26.9
Armour         | 4 6 8 10 12 13 14 15 16 17 18 19 20 21 22 23 25 | 25.7
Shields        | 4 6 8 10 12 13 14 15 17 18 19 20 23 | 23.1
Evocations     | 2 5 8 9 11 12 13 14 15 17 18 | 18.0
Maces & Flails | 1 |  1.0
Dodging        | 3 4 |  4.0
Transmutations | 1 8 |  8.0
Spellcasting   | 3 |  3.0
Translocations | 4 |  4.3
Earth Magic    | 2 |  2.5

Action                   |  1- 3 |  4- 6 |  7- 9 | 10-12 | 13-15 | 16-18 | 19-21 | 22-24 | 25-27 || total
-------------------------+-------+-------+-------+-------+-------+-------+-------+-------+-------++-------
Melee: War axe           |    53 |     2 |   156 |   490 |   450 |       |       |       |       ||  1151
       Mace              |    18 |    61 |   186 |       |       |       |       |       |       ||   265
       Demon whip        |       |       |       |       |    31 |    49 |       |       |       ||    80
       Broad axe         |       |       |       |       |   341 |   934 |  1107 |  1506 |  2711 ||  6599
 Fire: Sling             |       |    31 |    16 |       |       |       |       |       |       ||    47
Throw: Boomerang         |       |     3 |    18 |     7 |       |       |       |       |       ||    28
       Dart              |       |       |       |       |    12 |     4 |     3 |       |       ||    19
 Cast: Wereblood         |       |       |       |       |       |       |       |       |    12 ||    12
Invok: Convert to Beogh  |       |       |     1 |       |       |       |       |       |       ||     1
       Smiting           |       |       |     1 |     2 |    11 |    11 |    16 |    32 |    98 ||   171
       Recall Orcish Fol |       |       |       |     2 |    27 |    12 |    17 |     7 |    10 ||    75
       Give Item to Name |       |       |       |     1 |     4 |     6 |     6 |     7 |     5 ||    29
       Stop Recall       |       |       |       |       |     7 |    11 |    12 |     5 |     8 ||    43
       Resurrection      |       |       |       |       |     1 |     1 |       |     1 |     1 ||     4
Evoke: Wand              |     5 |       |     4 |    13 |    23 |     5 |    17 |    37 |    37 ||   141
       Phantom mirror    |       |       |       |       |     2 |     2 |       |     2 |     4 ||    10
       Phial of floods   |       |       |       |       |     2 |     1 |       |     1 |     2 ||     6
       Lightning rod     |       |       |       |       |     4 |     4 |       |     4 |     8 ||    20
       Condenser vane    |       |       |       |       |       |       |     1 |       |       ||     1
       Box of beasts     |       |       |       |       |       |       |       |     1 |     4 ||     5
       Horn of Geryon    |       |       |       |       |       |       |       |       |     2 ||     2
  Use: Potion            |       |     1 |       |     1 |    11 |     8 |     7 |     7 |    24 ||    59
       Scroll            |       |       |     9 |     3 |    24 |     6 |     5 |     8 |    16 ||    71
 Stab: Paralysed         |       |       |       |     2 |     7 |     2 |       |     3 |       ||    14
       Distracted        |       |       |       |     6 |     6 |     6 |    13 |    16 |    16 ||    63
       Invisible         |       |       |       |       |     2 |       |     1 |       |     1 ||     4
       Confused          |       |       |       |       |     1 |     1 |       |       |     2 ||     4
Armor: Scale mail        |    21 |    26 |    34 |       |       |       |       |       |       ||    81
       Skin              |       |    13 |       |       |       |     7 |       |    12 |       ||    32
       Chain mail        |       |       |   152 |     3 |       |       |       |       |       ||   155
       Plate armour      |       |       |       |   147 |   393 |   886 |     5 |   442 |   309 ||  2182
       Storm dragon scal |       |       |       |       |       |       |   566 |   247 |       ||   813
       Gold dragon scale |       |       |       |       |       |       |       |       |  1180 ||  1180
Dodge: Dodged            |    34 |    12 |   119 |   130 |   384 |   330 |   301 |   296 |   542 ||  2148
Block: Buckler           |    13 |    13 |    51 |       |       |       |       |       |       ||    77
       Kite shield       |       |       |    74 |   300 |   911 |  1029 |   871 |   387 |       ||  3572
       Reflection        |       |       |     4 |    12 |    66 |   121 |    87 |    60 |       ||   350
       Tower shield      |       |       |       |       |       |       |       |  1061 |  2661 ||  3722
